Map: Abiogenesis LE

Players

StaphY - Winner!

  • Race: Zerg Zerg
  • League: Diamond
  • Spawn Location: 11:00

A.I. 1 (Very Easy)

  • Race: Terran Terran
  • Spawn Location: 5:00

VOD

Have the link to the VOD?

Description

Time

  • Played on: Feb. 17, 2018, 10:16 a.m.
  • Length: 11:14
Show
View Real Time Build Order
Export as new Build Order

StaphY Zerg - Winner!

Build Orders: Hatch First 

Get SALT Encoding   

  12  0:00  Drone  
  13  0:14  Overlord  
  13  0:17  Drone  
  14  0:32  Drone x2  
  16  0:36  Drone  
  17  0:56  Hatchery, Drone  
  17  1:00  Drone  
  17  1:03  Extractor  
  17  1:16  Spawning Pool  
  16  1:19  Drone  
  16  1:22  Drone  
  18  1:30  Drone  
  19  1:40  Overlord  
  19  1:51  Drone  
  20  2:03  Queen  
  20  2:07  Queen  
  24  2:09  Zergling x4  
  24  2:10  Metabolic Boost  
  26  2:16  Drone  
  26  2:19  Drone  
  28  2:23  Drone  
  28  2:29  Drone  
  30  2:43  Hatchery  
  29  2:46  Drone  
  29  2:47  Drone  
  29  2:49  Drone  
  32  2:51  Drone  
  32  2:56  Overlord  
  33  3:01  Drone  
  34  3:06  Drone  
  34  3:12  Drone  
  36  3:19  Overlord  
  36  3:22  Drone x4  
  36  3:23  Drone  
  36  3:24  Drone  
  36  3:27  Queen  
  44  3:37  Queen  
  46  3:44  Drone x3  
  49  3:49  Drone x3  
  49  3:52  Overlord  
  49  3:54  Overlord  
  49  3:55  Drone  
  53  3:57  Drone  
  53  4:01  Evolution Chamber x2  
  52  4:03  Drone x2  
  52  4:08  Drone  
  55  4:13  Drone  
  56  4:19  Queen  
  56  4:21  Drone x2  
  56  4:22  Drone  
  61  4:25  Drone x2  
  61  4:27  Overlord  
  61  4:28  Drone x2  
  65  4:33  Zerg Ground Armor Level 1, Zerg Melee Weapons Level 1  
  65  4:34  Drone  
  65  4:35  Drone x2  
  68  4:42  Drone  
  68  4:45  Drone  
  70  4:46  Drone  
  70  4:48  Overlord  
  70  4:51  Drone x2  
  73  4:56  Drone x2  
  73  4:59  Lair  
  75  5:02  Drone  
  76  5:11  Extractor  
  75  5:17  Baneling Nest  
  74  5:24  Extractor  
  74  5:25  Extractor  
  74  5:28  Drone x3  
  75  5:29  Drone x3  
  75  5:30  Drone  
  75  5:31  Drone x2  
  75  5:32  Overlord x3  
  81  5:46  Drone x3  
  84  5:52  Extractor x2  
  84  5:53  Drone x2  
  84  5:54  Drone x3  
  84  5:55  Drone, Overlord  
  88  6:00  Centrifical Hooks  
  88  6:16  Hatchery  
  88  6:17  Extractor, Hatchery, Drone  
  86  6:27  Zerg Missile Weapons Level 1  
  86  6:28  Zerg Ground Armor Level 2  
  86  6:34  Hydralisk Den  
  86  6:37  Drone  
  86  6:49  Extractor, Drone x3  
  86  6:50  Drone x3  
  91  7:06  Grooved Spines  
  91  7:12  Drone  
  91  7:14  Infestation Pit  
  91  7:16  Hydralisk x10  
  91  7:17  Hydralisk x2  
  91  7:22  Overlord x4  
  115  7:28  Queen  
  117  7:30  Queen  
  117  7:31  Overlord x3  
  117  7:32  Overlord x6  
  119  7:42  Hydralisk  
  119  7:43  Hydralisk x3  
  127  7:45  Zergling x2  
  127  7:49  Drone x2  
  127  7:50  Drone  
  131  7:52  Pathogen Glands  
  131  7:54  Hive  
  131  8:07  Spine Crawler  
  131  8:08  Spine Crawler  
  131  8:09  Spine Crawler  
  128  8:16  Spine Crawler  
  128  8:17  Spine Crawler  
  128  8:18  Spine Crawler  
  128  8:19  Spine Crawler  
  124  8:23  Hatchery  
  124  8:25  Extractor  
  122  8:27  Extractor  
  121  8:35  Hydralisk x7  
  121  8:36  Hydralisk x15  
  165  8:42  Zerg Missile Weapons Level 2  
  165  8:50  Zerg Melee Weapons Level 2  
  165  8:57  Zergling x28  
  165  9:00  Muscular Augments  
  179  9:06  Adrenal Glands  
  179  9:12  Ultralisk Cavern  
  179  9:13  Drone  
  179  9:19  Drone x2  
  179  9:20  Drone  
  179  9:21  Drone x3  
  179  9:23  Drone x3  
  188  9:38  Queen  
  190  9:56  Hatchery  
  189  10:01  Extractor  
  189  10:04  Extractor, Drone x3  
  189  10:05  Drone x3  
  193  10:14  Zergling x14  
Show
View Real Time Build Order
Export as new Build Order

A.I. 1 (Very Easy) Terran 

Build Orders: Reaper Expand 

Get SALT Encoding   

  12  0:00  SCV  
  13  0:13  SCV  
  14  0:18  Supply Depot  
  14  0:43  Barracks  
  14  1:04  Command Center  
  14  1:31  Supply Depot, Orbital Command  
  14  1:32  Marine  
  15  1:38  Refinery  
  15  1:49  Refinery  
  15  1:57  SCV  
  16  2:09  SCV  
  17  2:17  Reaper  
  17  2:21  SCV  
  17  2:22  SCV  
  20  2:33  SCV  
  20  2:37  SCV  
  22  2:45  SCV  
  22  2:51  SCV, Refinery  
  24  2:58  SCV  
  25  3:00  Marine  
  25  3:05  SCV  
  27  3:13  SCV  
  27  3:15  Factory  
  28  3:36  Refinery  
  28  3:38  SCV  
  28  3:43  Marine  
  28  3:45  SCV  
  30  3:52  SCV  
  31  4:00  Starport, SCV  
  31  4:01  Supply Depot  
  32  4:07  SCV  
  33  4:14  SCV  
  34  4:21  SCV  
  35  4:26  Reaper  
  35  4:28  SCV  
  37  4:36  SCV  
  38  4:38  Starport Tech Lab  
  38  4:43  SCV  
  38  4:45  Supply Depot  
  39  4:50  SCV  
  40  4:57  SCV  
  40  4:59  Raven  
  43  5:04  SCV  
  44  5:08  Marine  
  44  5:11  SCV  
  46  5:19  SCV  
  47  5:26  SCV  
  48  5:42  Raven  
  50  5:51  Marine  
  51  6:34  Barracks Tech Lab  
  51  6:56  Marauder  
  53  10:09  SCV  
  53  10:29  Reaper  
  45  10:38  Supply Depot, SCV  
  28  10:52  SCV  
Tags
 
Add a new tag
Caveats
  • Supply blocks, unpowered buildings, or Contaminate may cause inaccurate times.
  • Supply counts are checked every 10 seconds.